 Dungeon Crawl Stone Soup version 0.22.0-13-g43fe8f24b8 (webtiles) character file.

888590 puimuR the Pyromancer (level 27, -4/209 HPs)
             Began as a Red Draconian Arcane Marksman on Aug 13, 2018.
             Was the Champion of Vehumet.
             Killed by divine providence
             ... invoked by a greater mummy
              (14 damage)
             ... on level 22 of a ziggurat on Aug 16, 2018.
             The game lasted 11:10:20 (56406 turns).

puimuR the Pyromancer (DrAM)                       Turns: 56406, Time: 11:10:21

Health: -4/209     AC: 21    Str: 13    XL:     27
Magic:  30/49      EV: 17    Int: 33    God:    Vehumet [******]
Gold:   6639       SH: 14    Dex: 20    Spells: 5/70 levels left

rFire    + + +     SeeInvis .   J - staff of energy
rCold    . . .     Gourm    .   P - +0 shield "Huamuxt" {rF++ rC+ Dex+3}
rNeg     . . .     Faith    .   (armour unavailable)
rPois    .         Spirit   .   Y - +2 hat {MR+}
rElec    .         Reflect  .   M - scarf {cloud immunity}
rCorr    .         Harm     .   O - +2 pair of gloves {Dex+3}
MR       +++..                  Z - +2 pair of boots
Stlth    ++........             U - amulet of magic regeneration
HPRegen  0.44/turn              m - ring "Ryul Valo" {Fire Int+4}
MPRegen  0.56/turn              w - +5 ring of intelligence

@: very slightly contaminated, hasted and slowed, studying Polearms
A: breathe fire, unfitting armour, fire resistance 1, cold-blooded, AC +13
}: 5/15 runes: decaying, slimy, silver, golden, gossamer
a: Breathe Fire, Renounce Religion


You were on level 22 of a ziggurat.
You worshipped Vehumet.
Vehumet was exalted by your worship.
You were not hungry.

You visited 13 branches of the dungeon, and saw 60 of its levels.
You visited the Abyss 1 time.
You visited 2 ziggurats, and saw 34 of their levels (deepest: 22).
You also visited: Labyrinth, Ossuary and Ice Cave.

You collected 10735 gold pieces.
You spent 4096 gold pieces at shops.

Inventory:

Armour
 b - the +2 cloak of the Thief {+Fog Slay-2 SInv Stlth+}
   (You found it on level 21 of a ziggurat)

   It affects your accuracy and damage with ranged weapons and melee attacks
   (-2).
   It lets you see invisible.
   It makes you more stealthy.
 M - a scarf of cloud immunity (worn)
 O - a +2 pair of gloves of dexterity (worn)
 P - the +0 shield "Huamuxt" (worn) {rF++ rC+ Dex+3}
   (You acquired it on level 4 of the Depths)

   It affects your dexterity (+3).
   It greatly protects you from fire.
   It protects you from cold.
 Y - a +2 hat of magic resistance (worn)
 Z - a +2 pair of boots (worn)
Magical Staves
 e - an uncursed staff of fire
 u - an uncursed staff of wizardry
 C - an uncursed staff of earth
 J - an uncursed staff of energy (weapon)
Jewellery
 k - the ring of Qeekesk {rN+ MP+9 Dex+2}
   (You found it on level 3 of the Crypt)

   [ring of positive energy]

   It affects your dexterity (+2).
   It protects you from negative energy.
   It affects your magic capacity (+9).
 m - the ring "Ryul Valo" (left hand) {Fire Int+4}
   (You found it on level 5 of the Pits of Slime)

   [ring of fire]

   It enhances your fire magic.
   It affects your intelligence (+4).
   It protects you from fire.
   It makes you vulnerable to cold.
 q - the ring "Wione" {+Blink +Fly EV+4 Slay-2}
   (You took it off a deep elf annihilator on level 3 of the Elven Halls)

   [ring of evasion]

   It affects your evasion (+4).
   It affects your accuracy and damage with ranged weapons and melee attacks
   (-2).
   It lets you fly.
   It lets you blink.
 w - a +5 ring of intelligence (right hand)
 G - an uncursed ring of see invisible
 H - an uncursed ring of protection from magic
 L - an uncursed ring of protection from cold
 U - an amulet of magic regeneration (around neck)
 V - the cursed ring of Aletuef {-Tele Str+7 Dex-3 Slay+3}
   (You found it on level 19 of a ziggurat)

   [ring of dexterity]

   It affects your strength (+7).
   It affects your dexterity (-3).
   It affects your accuracy and damage with ranged weapons and melee attacks
   (+3).
   It prevents most forms of teleportation.
   It has a curse placed upon it.
 X - the ring of Jackusue {rElec rPois rF+ Str+2 Dex-5}
   (You found it on level 13 of a ziggurat)

   [ring of protection from fire]

   It affects your strength (+2).
   It affects your dexterity (-5).
   It protects you from fire.
   It insulates you from electricity.
   It protects you from poison.
Wands
 y - a wand of digging (12)
Scrolls
 a - 3 scrolls of enchant weapon
 d - a scroll of summoning
 h - 25 scrolls of fog
 i - 2 scrolls of silence
 l - 3 scrolls of enchant armour
 s - 38 scrolls of remove curse
 x - 6 scrolls of holy word
 z - 13 scrolls of magic mapping
 B - 10 scrolls of amnesia
 K - 20 scrolls of teleportation
 Q - 5 scrolls of immolation
 R - 20 scrolls of identify
Potions
 g - 6 potions of ambrosia
 j - 10 potions of mutation
 n - 7 potions of agility
 r - 3 potions of magic
 t - 7 potions of haste
 v - 2 potions of invisibility
 D - 6 potions of heal wounds
 E - 4 potions of brilliance
 F - 3 potions of cancellation
 I - 10 potions of curing
 S - 2 potions of resistance
Books
 W - a manual of Polearms
Miscellaneous
 c - a phial of floods
 A - 2 phantom mirrors
 N - a crystal ball of energy
 T - a fan of gales
Comestibles
 f - 35 rations


   Skills:
 - Level 10.0 Fighting
   Level 4.2 Maces & Flails
 - Level 5.0 Polearms
 - Level 2.1 Throwing
 - Level 6.6 Dodging
 - Level 15.3 Shields
 - Level 22.0 Spellcasting
 - Level 23.1 Conjurations
   Level 3.0 Hexes
 - Level 9.4 Charms
 - Level 10.2 Summonings
 - Level 19.3 Necromancy
 - Level 4.0 Translocations
 - Level 19.4 Transmutations
 - Level 25.6 Fire Magic
   Level 4.3 Ice Magic
 - Level 9.0 Air Magic
 + Level 14.5 Earth Magic
 - Level 17.3 Evocations


You had 5 spell levels left.
You knew the following spells:

 Your Spells              Type           Power        Failure   Level  Hunger
a - Magic Dart            Conj           ####         0%          1    None
b - Fire Storm            Conj/Fire      ########..   1%          9    None
c - Lehudib's Crystal Sp  Conj/Erth      ########..   1%          8    None
d - Apportation           Tloc           ######       1%          1    None
e - Regeneration          Chrm/Necr      #######...   0%          3    None
f - Bolt of Fire          Conj/Fire      ########..   0%          6    None
h - Blink                 Tloc           N/A          1%          2    None
q - Necromutation         Tmut/Necr      ########..   1%          8    None
r - Iskenderun's Battles  Conj/Chrm      #######.     1%          5    None
s - Sublimation of Blood  Necr           ########..   0%          2    None
t - Deflect Missiles      Chrm/Air       #######...   2%          6    None
v - Spellforged Servitor  Conj/Summ      #######...   1%          7    None
w - Ring of Flames        Chrm/Fire      ########..   1%          7    None

Your spell library contained the following spells:

 Spells                   Type           Power        Failure   Level  Hunger
 Cause Fear               Hex            ######....   2%          4    None
 Fireball                 Conj/Fire      ########..   0%          5    None
 Conjure Flame            Conj/Fire      ########     0%          3    None
 Bolt of Cold             Conj/Ice       #######...   1%          6    None
 Lightning Bolt           Conj/Air       #######...   1%          5    None
 Bolt of Magma            Conj/Fire/Erth ########..   0%          5    None
 Slow                     Hex            ######..     1%          2    None
 Confuse                  Hex            ######..     1%          3    None
 Invisibility             Hex            ######..     34%         6    None
 Throw Flame              Conj/Fire      ######       0%          2    None
 Throw Frost              Conj/Ice       ######       0%          2    None
 Freezing Cloud           Conj/Ice/Air   #######...   1%          6    None
 Mephitic Cloud           Conj/Pois/Air  #######.     1%          3    None
 Venom Bolt               Conj/Pois      #######...   1%          5    None
 Olgreb's Toxic Radiance  Pois           #####...     2%          4    None
 Teleport Other           Tloc           ######..     1%          3    None
 Death's Door             Chrm/Necr      #######...   16%         8    None
 Summon Small Mammal      Summ           ####         0%          1    None
 Bolt of Draining         Conj/Necr      ########..   0%          5    None
 Iskenderun's Mystic Bla  Conj           ########     0%          4    None
 Summon Horrible Things   Summ           #######...   63%         8    None
 Animate Dead             Necr           N/A          0%          4    None
 Pain                     Necr           ####         0%          1    None
 Animate Skeleton         Necr           N/A          0%          1    None
 Vampiric Draining        Necr           ########..   0%          3    None
 Haunt                    Necr/Summ      #######...   1%          7    None
 Borgnjor's Revivificati  Necr           ########..   1%          8    None
 Freeze                   Ice            ####         1%          1    None
 Ozocubu's Refrigeration  Ice            ######....   6%          6    None
 Sticky Flame             Conj/Fire      ########     0%          4    None
 Summon Ice Beast         Ice/Summ       ######..     1%          4    None
 Ozocubu's Armour         Chrm/Ice       ######..     1%          3    None
 Call Imp                 Summ           #######.     1%          2    None
 Dispel Undead            Necr           ########     0%          5    None
 Poison Arrow             Conj/Pois      #######...   1%          6    None
 Sting                    Conj/Pois      ####         0%          1    None
 Tukima's Dance           Hex            ######..     1%          3    None
 Summon Demon             Summ           #######...   1%          5    None
 Summon Greater Demon     Summ           #######...   11%         7    None
 Corpse Rot               Necr           N/A          0%          2    None
 Iron Shot                Conj/Erth      ########..   1%          6    None
 Stone Arrow              Conj/Erth      ######       0%          3    None
 Shock                    Conj/Air       ####         0%          1    None
 Swiftness                Chrm/Air       #######.     1%          2    None
 Recall                   Summ/Tloc      N/A          1%          3    None
 Agony                    Necr           ########     0%          5    None
 Spider Form              Tmut/Pois      #######...   1%          3    None
 Blade Hands              Tmut           ########..   0%          5    None
 Statue Form              Tmut/Erth      #######..    1%          6    None
 Ice Form                 Ice/Tmut       #######.     1%          4    None
 Dragon Form              Tmut           ########..   1%          7    None
 Death Channel            Necr           ########..   1%          6    None
 Throw Icicle             Conj/Ice       #######.     1%          4    None
 Glaciate                 Conj/Ice       #######...   58%         9    None
 Airstrike                Air            #######...   1%          4    None
 Shadow Creatures         Summ           N/A          1%          6    None
 Confusing Touch          Hex            ######       1%          1    None
 Flame Tongue             Conj/Fire      #####        0%          1    None
 Passwall                 Tmut/Erth      #######.     0%          2    None
 Ignite Poison            Fire/Tmut/Pois ########     0%          3    None
 Sticks to Snakes         Tmut           ########     0%          2    None
 Ensorcelled Hibernation  Hex/Ice        ######       1%          2    None
 Metabolic Englaciation   Hex/Ice        ######....   4%          5    None
 Summon Butterflies       Summ           #######.     0%          1    None
 Silence                  Hex/Air        ######....   1%          5    None
 Shatter                  Erth           #######...   45%         9    None
 Static Discharge         Conj/Air       #######.     0%          3    None
 Corona                   Hex            ######.      1%          1    None
 Alistair's Intoxication  Tmut/Pois      #######.     1%          5    None
 Lee's Rapid Deconstruct  Erth           #######...   1%          5    None
 Sandblast                Erth           ######       0%          1    None
 Simulacrum               Ice/Necr       #######...   1%          6    None
 Conjure Ball Lightning   Conj/Air       #######...   1%          6    None
 Chain Lightning          Conj/Air       #######...   2%          8    None
 Excruciating Wounds      Chrm/Necr      #######...   1%          5    None
 Portal Projectile        Hex/Tloc       ######       1%          3    None
 Monstrous Menagerie      Summ           #######...   11%         7    None
 Petrify                  Tmut/Erth      #######.     0%          4    None
 Orb of Destruction       Conj           ########..   1%          7    None
 Malign Gateway           Summ/Tloc      ######....   36%         7    None
 Tornado                  Air            #######...   99%         9    None
 Leda's Liquefaction      Hex/Erth       #######...   1%          4    None
 Summon Hydra             Summ           #######...   11%         7    None
 Shroud of Golubria       Chrm/Tloc      ######....   1%          2    None
 Inner Flame              Hex/Fire       ########     0%          3    None
 Aura of Abjuration       Summ           #######...   1%          5    None
 Beastly Appendage        Tmut           ######       0%          1    None
 Fulminant Prism          Conj/Hex       #######...   1%          4    None
 Dazzling Spray           Conj/Hex       ######       0%          3    None
 Force Lance              Conj/Tloc      #######.     1%          4    None
 Infusion                 Chrm           ####         1%          1    None
 Song of Slaying          Chrm           #######.     1%          2    None
 Spectral Weapon          Hex/Chrm       ######..     1%          3    None
 Searing Ray              Conj           ######       0%          2    None
 Discord                  Hex            ######....   100%        8    None
 Summon Forest            Summ/Tloc      ######....   1%          5    None
 Summon Lightning Spire   Summ/Air       #######.     1%          4    None
 Summon Guardian Golem    Hex/Summ       ######..     1%          3    None
 Dragon's Call            Summ           #######...   100%        9    None
 Summon Mana Viper        Hex/Summ       ######..     1%          5    None
 Hydra Form               Tmut           ########..   1%          6    None
 Irradiate                Conj/Tmut      ########..   0%          5    None
 Gell's Gravitas          Tloc           ######....   1%          3    None
 Yara's Violent Unravell  Hex/Tmut       #######...   1%          5    None
 Infestation              Necr           ########..   1%          8    None
 Lesser Beckoning         Tloc           ######....   1%          3    None
 Poisonous Vapours        Pois/Air       ######       1%          2    None
 Ignition                 Fire           ########..   1%          8    None
 Borgnjor's Vile Clutch   Necr/Erth      #######...   1%          5    None


Dungeon Overview and Level Annotations

Branches:
Dungeon (15/15)            Temple (1/1) D:6            Lair (6/6) D:8
  Swamp (4/4) Lair:2       Spider (4/4) Lair:3        Slime (5/5) Lair:5
    Orc (2/2) D:10            Elf (3/3) Orc:2        Vaults (5/5) D:13
  Crypt (3/3) Vaults:2       Tomb (3/3) Crypt:3      Depths (5/5) D:15
    Zot (4/5) Depths:5

Altars:
Ashenzari
Cheibriados
Dithmenos
Elyvilon
Fedhas
Gozag
Hepliaklqana
Kikubaaqudgha
Makhleb
Nemelex Xobeh
Okawaru
Qazlal
Ru
Sif Muna
Trog
Vehumet
Wu Jian
Xom
Yredelemnul
Zin
The Shining One
Beogh

Shops:
D:8 (   D:15 =   Orc:2 !*:?   Elf:3 (   Vaults:3 !   Depths:4 }==

Portals:
Hell: Depths:1 Depths:3 Depths:4 Depths:5
Abyss: Depths:4
Pandemonium: Depths:3 Depths:4 Depths:5

Annotations:
D:4 2 transporters, xgamer67's ghost, amateur GnWr
D:8 lair, 1 runed door, exclusion: downstairs, IcyTea's ghost, novice SpVM
D:9 exclusion: downstairs
D:14 exclusion: downstairs
Lair:4 exclusion: oklob plant
Elf:2 exclusion: Roxanne, Roxanne
Vaults:3 exclusion: obsidian statue


Innate Abilities, Weirdness & Mutations

You can breathe blasts of fire.
Your fiery red scales are hard. (AC +13)
You cannot fit into any form of body armour.
Your flesh is heat resistant. (rF+)
You are cold-blooded and may be slowed by cold attacks.


Message History

* * * LOW HITPOINT WARNING * * *
The greater mummy hits you but does no damage.
The greater mummy calls on the powers of darkness!
The emperor scorpion convulses!
Your body is wracked with pain!
* * * LOW HITPOINT WARNING * * *
The bennu convulses!
You block the reaper's attack.
The ushabti shakes and rattles deafeningly!
Unknown command.
Casting: Blink (safe; 1% risk of failure)
Confirm with . or Enter, or press ? or * to list all spells.
Okay, then.
Unknown command.
Casting: Blink (safe; 1% risk of failure)
Confirm with . or Enter, or press ? or * to list all spells.
You blink. 6 mummies and 2 zombies come into view.
You block the shadow's attack.
The greater mummy points at you and mumbles some strange words.
Something smites you!
You die...

.............▓
▓.............▓
▓...........§.▓
▓.............▓
▓▓▓▓.......Zb....▓▓ ▓▓▓▓
...........s............
..........M2Z...........
......z.szns............
......W@nsMs............
..M...M{M.3.............
.MMMZ.Z82≈.≈............
..ZM§..V.≈.≈............
...MMZMM.≈.s............
.ZZMMM.............v....
...ZM...................
.Z.M....................
...M...................


You could see 4 greater mummies, an emperor scorpion, 2 reapers, a bennu, a
mummy priest, a soul eater, a guardian mummy, an ushabti, a vampire, 5 death
scarabs, 2 necrophages, a shadow, a flying skull, 12 mummies, a wight, a golden
dragon simulacrum, a caustic shrike simulacrum, 2 iron dragon zombies, a deep
elf demonologist zombie, a tengu reaver zombie, a caustic shrike zombie, a
shadow dragon skeleton, a deep elf death mage skeleton and a titan skeleton.

Vanquished Creatures
  the Royal Jelly (Slime:5)
  10 pandemonium lords
  10 ancient liches
  3 juggernauts
  23 greater mummies
  Frederick (Depths:3)
  2 caustic shrikes (Depths:5)
  9 Killer Klowns
  6 golden dragons
  A golden dragon (shapeshifter) (Zig:18)
  The ghost of Jiud the Executioner, an adept MiBe of Trog (D:13)
  3 bone dragons
  An electric golem (Zot:1)
  3 Tzitzimimeh
  An iron giant (Zig:5)
  An Ice Fiend (IceCv)
  A Brimstone Fiend (Zig:18)
  5 tentacled monstrosities
  The ghost of Mothrix the Severer, an adept DsFi of Okawaru (Depths:5)
  6 quicksilver dragons
  11 titans
  12 liches
  An Executioner (Zig:11)
  9 deep elf master archers
  16 acid blobs
  11 deep elf blademasters
  A quicksilver dragon (shapeshifter) (Zig:18)
  3 death cobs
  Gastronok (D:10)
  6 sphinxes
  10 tengu reavers
  Agnes (D:15)
  2 tentacled starspawn (Abyss:3)
  11 ancient champions
  A thorn hunter (Swamp:3)
  2 shadow dragons (shapeshifter) (Zig:15)
  4 draconian monks
  10 shadow dragons
  9 storm dragons
  An azure jelly (shapeshifter) (Zig:18)
  11 revenants
  11 nagarajas
  5 fire giants
  21 azure jellies
  2 ghost moths
  A frost giant (shapeshifter) (Zig:15)
  A balrug (Zig:11)
  7 draconian knights
  10 frost giants
  10 deep elf sorcerers
  3 draconian stormcallers
  9 draconian scorchers
  3 draconian shifters
  2 warmongers
  17 vault wardens
  2 emperor scorpions (Spider:4)
  8 curse skulls
  A caustic shrike zombie (Zig:12)
  6 deep elf elementalists
  28 stone giants
  11 ironheart preservers
  32 very ugly things
  3 war gargoyles (Crypt:3)
  4 entropy weavers
  3 draconian annihilators
  3 blood saints
  3 spriggan defenders
  A stone giant (shapeshifter) (Zig:15)
  8 vampire knights
  A black sun (Zig:11)
  6 green draconians
  3 bennus
  16 deep elf demonologists
  Nessos (D:13)
  4 black draconians
  A corrupter (Zig:11)
  A dire elephant (D:15)
  13 deep elf annihilators
  A lorocyproca (Depths:3)
  7 yellow draconians
  Azrael (Orc:1)
  5 white draconians
  2 red draconians (Zig:12)
  A spark wasp (shapeshifter) (Zig:15)
  7 spark wasps
  A minotaur (Lab)
  10 purple draconians
  Snorg (D:10)
  19 ettins
  A green death (Zig:11)
  7 death oozes
  8 jiangshi
  6 eidola
  An ettin (shapeshifter) (Zig:18)
  10 deep elf death magi
  15 deep elf high priests
  31 mummy priests
  A merfolk impaler (Zig:6)
  Erolcha (D:13)
  18 fire dragons
  29 vault guards
  11 great orbs of eyes
  24 yaktaur captains
  Harold (D:8)
  2 spectral tengu
  A hell beast (Zig:11)
  4 naga warriors
  20 hydras
  Fannar (Lair:2)
  16 ice dragons
  2 quicksilver dragon skeletons
  A catoblepas (D:15)
  3 anacondas
  2 rakshasas (Depths:2)
  A juggernaut simulacrum (Depths:5)
  A merfolk avatar (Zig:6)
  2 alligator snapping turtles (shapeshifter) (Zig:18)
  11 centaur warriors
  31 two-headed ogres
  7 spriggan air magi
  2 death knights
  A ghost crab (Swamp:1)
  A merfolk aquamancer (Zig:20)
  An alligator (shapeshifter) (Zig:10)
  2 alligators (Swamp:4)
  20 dancing weapons
  2 tengu warriors
  7 deep troll shamans
  A queen ant (Lair:6)
  16 ogre magi
  5 death yaks
  6 deep troll earth magi
  66 death scarabs
  8 vampire magi
  A titan zombie (Tomb:2)
  3 shock serpents
  2 shock serpents (shapeshifter) (Depths:3)
  A hell hog (Zig:3)
  A queen ant (shapeshifter) (Zig:15)
  6 orc high priests
  A storm dragon zombie (Tomb:2)
  8 spriggan berserkers
  Sonja (Lair:6)
  3 small abominations
  A spectral storm dragon (Depths:5)
  7 soul eaters
  4 naga sharpshooters
  2 sun demons (Depths:3)
  24 skeletal warriors
  Nergalle (Lair:2)
  A titan skeleton (Tomb:3)
  20 deep elf knights
  4 shadow wraiths
  3 salamander mystics
  A storm dragon skeleton (Zig:3)
  8 hell knights
  2 iron trolls (Depths:3)
  An unseen horror (shapeshifter) (Vaults:3)
  3 unseen horrors
  A sea snake (shapeshifter) (Zig:18)
  9 deep trolls
  A deep troll (shapeshifter) (Vaults:5)
  7 wizards
  7 glowing orange brains
  14 flayed ghosts
  10 swamp dragons
  2 shambling mangroves (Swamp:4)
  A spectral iron dragon (Depths:5)
  20 deep elf archers
  A glowing orange brain (shapeshifter) (Zig:10)
  A shadow demon (Zig:11)
  A spriggan druid (Zig:7)
  3 naga ritualists
  Pikel (D:4)
  2 golden dragon zombies
  14 necromancers
  3 spectral wolf spiders (Spider:4)
  3 tengu zombies
  5 shining eyes
  8 harpies
  8 phantasmal warriors
  A sphinx zombie (Zig:9)
  A mana viper (Zig:9)
  An orb spider (shapeshifter) (Depths:2)
  2 wolf spider zombies
  68 deep elf magi
  An iron dragon zombie (Zig:13)
  14 ironbrand convokers
  8 oklob plants (Zig:8)
  47 ugly things
  6 orb spiders
  16 orc knights
  A salamander (shapeshifter) (Depths:4)
  25 wolf spiders
  9 cyclopes
  5 orc sorcerers
  8 manticores
  A wolf spider (shapeshifter) (Zig:17)
  A moth of wrath (shapeshifter) (Zig:10)
  2 mana vipers (shapeshifter)
  A faun (shapeshifter) (Zig:18)
  A salamander (D:15)
  20 moths of wrath
  2 frost giant skeletons
  2 stone giant skeletons
  An iron dragon skeleton (Crypt:3)
  A rust devil (Depths:4)
  19 black mambas
  7 fire giant skeletons
  2 centaur zombies
  Psyche (D:8)
  3 eyes of devastation
  A guardian serpent (shapeshifter) (Vaults:5)
  2 elephants (shapeshifter)
  4 water nymphs (Zig:6)
  10 naga magi
  A spriggan zombie (Zig:22)
  21 vault sentinels
  A torpor snail (shapeshifter) (Zig:18)
  An eye of devastation (shapeshifter) (Zig:18)
  A water nymph (shapeshifter) (Vaults:5)
  2 torpor snails
  24 spiny frogs
  2 ice statues
  8 apocalypse crabs
  A swamp worm zombie (Crypt:1)
  2 spiny frogs (shapeshifter)
  A shock serpent skeleton (Tomb:3)
  3 centaur skeletons
  4 guardian serpents
  A dire elephant skeleton (Crypt:3)
  2 hellions
  2 orange demons
  3 rime drakes
  2 redback zombies (Spider:4)
  3 gargoyles
  8 komodo dragons
  10 demonic crawlers
  56 yaktaurs
  An elf zombie (Zig:22)
  4 tormentors
  2 spectral redbacks (Spider:4)
  3 spectral glowing shapeshifters (Depths:5)
  2 yaktaurs (shapeshifter)
  2 yaktaur skeletons
  6 ice devils
  An ancient zyme (Abyss:3)
  9 freezing wraiths
  A yellow draconian zombie (Crypt:2)
  3 anaconda simulacra (IceCv)
  3 golden dragon simulacra
  45 guardian mummies
  A red devil (Zig:3)
  A queen bee (shapeshifter) (Depths:5)
  A tengu conjurer (D:13)
  An efreet (D:14)
  2 hydra zombies
  24 jumping spiders
  A queen bee (D:8)
  2 hellwings
  2 spriggan skeletons (Zig:7)
  11 trolls
  9 tyrant leeches
  3 meliai (shapeshifter)
  A wind drake (Zig:8)
  A sphinx simulacrum (Depths:5)
  A jumping spider (shapeshifter) (Depths:5)
  3 spectral jumping spiders (Spider:4)
  A moth of wrath zombie (Crypt:2)
  18 hornets
  A tarantella zombie (Spider:4)
  5 bog bodies
  A raiju (Abyss:4)
  2 spectral tarantellas (Spider:4)
  110 slime creatures
  A frost giant simulacrum (Vaults:2)
  3 jumping spider zombies (Spider:4)
  A blink frog (shapeshifter) (Zig:15)
  A slime creature (shapeshifter) (Zig:15)
  6 dream sheep (Lair:5)
  9 blink frogs
  2 polar bears (shapeshifter)
  2 raiju (shapeshifter)
  5 hippogriffs
  A human simulacrum (Vaults:1)
  2 redbacks (shapeshifter)
  65 redbacks
  5 vampires
  33 flying skulls
  26 tarantellas
  5 fire dragon skeletons (Crypt:3)
  9 wraiths
  11 shadows
  10 spriggans
  5 wyverns (Lair:6)
  3 air elementals
  2 dire elephant simulacra (IceCv)
  5 water elementals
  A hog (Lair:4)
  A ynoxinul (Zig:11)
  19 ushabtiu
  5 fire elementals
  A human (D:13)
  A human (shapeshifter) (Vaults:4)
  2 basilisks
  25 yaks
  3 basilisks (shapeshifter)
  2 steam dragons
  10 vampire mosquitoes
  9 chaos spawn
  A death yak simulacrum (IceCv)
  5 hungry ghosts
  3 insubstantial wisps (Swamp:3)
  Menkaure (D:7)
  2 large abominations
  4 harpy simulacra (IceCv)
  2 iron troll simulacra (IceCv)
  8 swamp worms
  An infernal demonspawn zombie (Crypt:2)
  5 soldier ants (Lair:6)
  An acid dragon (shapeshifter) (Depths:2)
  5 hydra simulacra (IceCv)
  4 nagas
  2 soldier ants (shapeshifter)
  6 acid dragons
  6 wargs
  5 hell hounds
  14 water moccasins
  2 spiny frog zombies (Crypt:3)
  10 porcupines
  13 swamp drakes
  3 ice beasts
  9 eyes of draining
  45 orc warriors
  5 sky beasts
  A slave (D:4)
  A hornet zombie (Spider:4)
  4 necrophages
  An alligator simulacrum (IceCv)
  A black bear (D:8)
  7 boggarts
  An eye of draining (shapeshifter) (Zig:3)
  3 phantoms
  30 ogres
  A swamp dragon skeleton (Crypt:3)
  20 wolves
  A manticore skeleton (Crypt:2)
  18 crocodiles
  2 elf skeletons
  20 centaurs
  An elf simulacrum (Zig:13)
  A big kobold (D:9)
  21 bullfrogs
  2 human zombies
  3 glowing shapeshifter simulacra
  A gnoll sergeant (D:10)
  9 earth elementals
  A wyvern skeleton (D:12)
  A troll zombie (Crypt:3)
  5 scorpions
  21 killer bees
  2 howler monkeys
  4 electric eels (Lair:5)
  2 vampire bats (Lair:6)
  6 crimson imps
  A bullfrog zombie (D:11)
  2 quasits
  3 draconian simulacra (IceCv)
  2 jellies
  9 hounds
  30 orc priests
  2 iron imps
  40 orc wizards
  8 iguanas
  Natasha (D:4)
  16 worker ants
  A lightning spire (Zig:9)
  2 spriggan simulacra (IceCv)
  A troll simulacrum (IceCv)
  A big kobold zombie (Ossuary)
  3 centaur simulacra (IceCv)
  An ogre zombie (Crypt:3)
  2 tengu skeletons
  A hound zombie (D:10)
  A hound skeleton (D:8)
  56 mummies
  7 gnolls
  10 adders
  2 naga simulacra (IceCv)
  2 ogre simulacra (IceCv)
  3 shadow imps
  12 white imps
  4 ufetubi (IceCv)
  An iguana zombie (Crypt:1)
  2 adder skeletons (D:9)
  A halfling skeleton (Crypt:1)
  5 leopard geckos
  95 orcs
  11 bats
  3 giant cockroaches
  A gnoll zombie (Ossuary)
  6 goblins
  4 hobgoblins
  2 jackals
  6 kobolds
  3 quokkas
  8 ball pythons
  8 frilled lizards
  A hobgoblin skeleton (Crypt:1)
  3 hobgoblin zombies (Ossuary)
  A kobold skeleton (Crypt:3)
  2 kobold zombies (Ossuary)
  An orc zombie (Ossuary)
  A quokka zombie (D:7)
  4 rats (D:1)
  A rat zombie (D:7)
  A block of ice (Zig:4)
  4 bushes (Depths:5)
  5 crawling corpses
  7 fire vortices
  A lurking horror (Abyss:3)
  7 plants
  2 starspawn tentacles (Abyss:3)
2977 creatures vanquished.

Vanquished Creatures (collateral kills)
  A pandemonium lord (Zig:15)
  7 greater mummies
  3 Killer Klowns
  The ghost of Varury the Executioner, a veteran DDFi of Makhleb (Vaults:1)
  Nikola (Vaults:3)
  2 golden dragons
  A hellephant (Abyss:4)
  3 tentacled monstrosities
  A quicksilver dragon (Depths:2)
  4 acid blobs
  5 sphinxes
  3 ancient champions
  A shadow dragon (shapeshifter) (Zig:18)
  A storm dragon (Vaults:5)
  Kirke (Lair:4)
  A nagaraja (Zig:14)
  2 shadow dragons
  A revenant (Tomb:2)
  A draconian scorcher (Zig:12)
  4 fire giants
  2 draconian knights
  2 ghost moths (Spider:4)
  6 deep elf sorcerers
  10 vault wardens
  Louise (Swamp:1)
  An emperor scorpion (Spider:4)
  A deep elf elementalist (Elf:3)
  A draconian annihilator (Zig:12)
  A draconian stormcaller (Zig:12)
  5 ironheart preservers
  A ghoul (Vaults:2)
  2 stone giants
  A caustic shrike skeleton (Zig:13)
  3 very ugly things
  3 entropy weavers
  A green draconian (Zig:12)
  2 white draconians
  A deep elf demonologist (Vaults:4)
  2 black draconians (Zot:3)
  A bennu (Tomb:2)
  3 deep elf annihilators
  A red draconian (Zig:12)
  A spark wasp (Spider:4)
  2 ettins
  2 fire dragons
  6 deep elf death magi
  3 jiangshi (Crypt:2)
  3 yaktaur captains
  A rakshasa (Depths:2)
  2 great orbs of eyes
  A quicksilver dragon skeleton (Crypt:3)
  5 hydras
  A naga warrior (Zig:9)
  A centaur warrior (Vaults:4)
  5 ice dragons
  6 vault guards
  A spectral sphinx (Depths:5)
  2 death knights (Crypt:1)
  4 ogre magi
  6 alligators
  10 two-headed ogres
  8 death scarabs
  A vampire mage (Crypt:1)
  A queen ant (shapeshifter) (Vaults:5)
  2 deep troll shamans
  2 dancing weapons
  A spectral storm dragon (Depths:5)
  2 shock serpents (shapeshifter)
  4 deep elf knights
  A storm dragon zombie (Abyss:3)
  10 skeletal warriors
  2 titan skeletons
  2 wretched stars (Abyss:3)
  4 large abominations
  A hell knight (Vaults:5)
  3 spriggan druids
  2 swamp dragons
  An anaconda zombie (Tomb:3)
  5 deep trolls
  3 ironbrand convokers
  A shambling mangrove (Swamp:3)
  4 harpies
  A harpy (shapeshifter) (Vaults:1)
  A deep elf archer (Elf:1)
  7 ugly things
  3 phantasmal warriors
  2 spectral wolf spiders (Spider:4)
  An orb spider (Spider:2)
  A cyclops (Vaults:1)
  An orc sorcerer (Vaults:2)
  3 orc knights
  10 deep elf magi
  2 worldbinders
  4 wolf spiders
  A stone giant zombie (Crypt:3)
  A frost giant zombie (Zig:5)
  4 fire giant skeletons (Crypt:3)
  3 black mambas
  2 frost giant skeletons
  A vault sentinel (Vaults:1)
  4 gargoyles (Crypt:3)
  A naga mage (Zig:14)
  A death yak zombie (Crypt:2)
  A spectral redback (Spider:4)
  2 demonic crawlers
  A dire elephant skeleton (Crypt:1)
  13 yaktaurs
  3 freezing wraiths
  2 guardian mummies
  3 ice devils (IceCv)
  A spectral glowing shapeshifter (Depths:5)
  8 jumping spiders
  A minotaur skeleton (Crypt:2)
  A harpy zombie (Crypt:2)
  3 tyrant leeches
  4 hornets
  22 slime creatures
  A jumping spider zombie (Spider:4)
  A hydra zombie (Tomb:3)
  A hornet (shapeshifter) (Vaults:1)
  A jumping spider (shapeshifter) (Depths:3)
  A fire dragon zombie (Crypt:3)
  A bog body (Swamp:4)
  3 flying skulls
  11 redbacks
  A spriggan skeleton (Zig:9)
  2 tarantellas
  A dire elephant simulacrum (IceCv)
  2 fire dragon skeletons (Crypt:3)
  3 wraiths
  2 yaks (Lair:6)
  A fire bat (Abyss:3)
  A vampire (Crypt:3)
  A fire elemental (Zig:21)
  A small abomination (Abyss:3)
  2 ushabtiu
  2 basilisks (Lair:6)
  An elf simulacrum (Depths:5)
  2 vampire mosquitoes (Swamp:2)
  3 swamp worms
  An acid dragon (Lair:6)
  7 insubstantial wisps (Swamp:3)
  A merfolk skeleton (Crypt:2)
  A floating eye (Depths:4)
  6 water moccasins (Lair:6)
  A faun skeleton (Crypt:1)
  4 swamp drakes
  2 snapping turtle zombies
  2 ogres (Vaults:4)
  An ettin simulacrum (Crypt:1)
  A swamp dragon zombie (Crypt:3)
  A centaur (Vaults:4)
  An earth elemental (Elf:1)
  A warg skeleton (Crypt:2)
  A centaur skeleton (Crypt:1)
  A tengu skeleton (Tomb:2)
  16 mummies
  A shadow imp (Depths:3)
  A swamp drake skeleton (Crypt:2)
  2 orcs
  3 crawling corpses (Zig:21)
  A plant (Lair:6)
  A withered plant (Crypt:3)
438 creatures vanquished.

Vanquished Creatures (others)
  A bennu (Tomb:2)
  A quicksilver dragon zombie (Tomb:2)
  A skeletal warrior (Tomb:2)
  An orange demon (Zig:4)
  A rime drake (Lair:4)
  2 guardian mummies (Tomb:2)
  A fire dragon skeleton (Tomb:2)
  An orc warrior (Vaults:2)
  A centaur (D:13)
  A worker ant (D:5)
  2 mummies (Tomb:2)
  A shadow imp (D:5)
  A kobold (D:9)
  14 bushes (Depths:5)
  1009 fire vortices
  11 fungi
  58 plants
  4 starspawn tentacles (Abyss:3)
  3 withered plants (Vaults:1)
1114 creatures vanquished.

Grand Total: 4529 creatures vanquished

Notes
Turn   | Place    | Note
-------+----------+-------------------------------------------
     0 | D:1      | puimuR the Draconian Arcane Marksman began the quest for the Orb.
     0 | D:1      | Reached XP level 1. HP: 16/16 MP: 2/2
   141 | D:1      | Reached XP level 2. HP: 16/25 MP: 1/3
   851 | D:2      | Reached XP level 3. HP: 26/31 MP: 4/4
  1536 | D:3      | Reached XP level 4. HP: 40/40 MP: 5/5
  1556 | D:3      | Found a shattered altar of Ashenzari.
  1556 | D:3      | Found a hazy altar of Hepliaklqana.
  1557 | D:3      | Found a sparkling altar of Nemelex Xobeh.
  1923 | D:3      | Found a glowing silver altar of Zin.
  2223 | D:4      | Found a transporter.
  2225 | D:4      | Noticed Natasha
  2637 | D:4      | Noticed a slave
  2714 | D:4      | Killed a slave
  2806 | D:4      | Noticed a slave
  2810 | D:4      | Noticed a slave
  2810 | D:4      | Noticed a slave
  2817 | D:4      | Noticed Pikel
  2889 | D:4      | Killed Pikel
  2889 | D:4      | Reached XP level 5. HP: 25/46 MP: 7/13
  2889 | D:4      | Reached XP level 6. HP: 28/52 MP: 8/15
  2889 | D:4      | Your scales start taking on a fiery red colour.
  2889 | D:4      | Reached XP level 7. HP: 32/59 MP: 8/16
  2889 | D:4      | Gained mutation: Your flesh is heat resistant. (rF+) [Red Draconian growth]
  2926 | D:4      | Learned a level 3 spell: Inner Flame
  2967 | D:5      | Entered Level 5 of the Dungeon
  3040 | D:4      | Found a transporter.
  3042 | D:4      | Noticed xgamer67's ghost (amateur GnWr)
  3080 | D:4      | Learned a level 4 spell: Cause Fear
  3175 | D:5      | Reached skill level 1 in Maces & Flails
  3253 | D:4      | Killed Natasha
  3834 | D:6      | Reached skill level 5 in Fighting
  3834 | D:6      | Reached XP level 8. HP: 47/68 MP: 17/17
  3863 | D:6      | Found a staircase to the Ecumenical Temple.
  3872 | Temple   | Entered the Ecumenical Temple
  3909 | Temple   | Became a worshipper of Vehumet
  3987 | D:7      | Noticed a hornet
  3993 | D:6      | Found the +4 moon troll leather armour {Spirit, Regen++ MP+5}
  4092 | D:7      | Found a burning altar of Makhleb.
  4092 | D:7      | Found a snail-covered altar of Cheibriados.
  4093 | D:7      | Found a shadowy altar of Dithmenos.
  4246 | D:7      | Found a glowing golden altar of the Shining One.
  4269 | D:7      | Found a sand-covered staircase.
  4284 | Ossuary  | Entered an ossuary
  4472 | Ossuary  | Reached * piety under Vehumet
  4472 | Ossuary  | Offered knowledge of Sandblast by Vehumet.
  4721 | D:7      | Reached skill level 2 in Fire Magic
  4755 | D:7      | Learned a level 1 spell: Apportation
  4775 | D:7      | Noticed Menkaure
  4781 | D:7      | Killed Menkaure
  4781 | D:7      | Reached skill level 1 in Polearms
  4781 | D:7      | Reached skill level 3 in Fire Magic
  4806 | D:7      | Learned a level 3 spell: Regeneration
  4878 | D:8      | Found a staircase to the Lair.
  4987 | D:7      | Reached skill level 4 in Fire Magic
  4987 | D:7      | Reached XP level 9. HP: 77/79 MP: 18/18
  5113 | D:8      | Reached skill level 5 in Fire Magic
  5294 | D:8      | Found Koaneim's Weapon Shoppe.
  5318 | D:8      | Reached skill level 1 in Necromancy
  5339 | D:8      | Reached skill level 1 in Charms
  5372 | D:8      | Learned a level 1 spell: Magic Dart
  5430 | D:8      | Noticed Harold
  5446 | D:8      | Killed Harold
  5446 | D:8      | Reached skill level 5 in Polearms
  5584 | D:8      | Reached skill level 1 in Conjurations
  5727 | D:8      | Noticed Psyche
  5738 | D:8      | Killed Psyche
  5796 | D:8      | Found a runed door.
  5801 | D:8      | Noticed IcyTea's ghost (novice SpVM)
  5820 | D:8      | Reached XP level 10. HP: 79/86 MP: 17/19
  5861 | D:8      | Reached skill level 5 in Conjurations
  5866 | D:8      | Reached ** piety under Vehumet
  5933 | D:8      | Offered knowledge of Throw Frost by Vehumet.
  6799 | D:9      | Reached skill level 6 in Fire Magic
  6924 | D:9      | Found a glowing silver altar of Zin.
  7108 | D:10     | Entered Level 10 of the Dungeon
  7139 | D:9      | Found a shimmering altar of Xom.
  7181 | D:9      | Offered knowledge of Throw Flame by Vehumet.
  7271 | D:10     | Noticed Gastronok
  7648 | D:10     | Found a staircase to the Orcish Mines.
  7860 | D:11     | Reached *** piety under Vehumet
  7879 | D:10     | Learned a level 4 spell: Iskenderun's Mystic Blast
  8026 | D:12     | Noticed a white ugly thing
  8032 | D:12     | Killed a white ugly thing
  8117 | D:12     | Noticed a manticore
  8133 | D:12     | Killed a manticore
  8210 | D:12     | Offered knowledge of Sticky Flame by Vehumet.
  8216 | D:12     | Learned a level 4 spell: Sticky Flame
  8271 | D:12     | Reached XP level 11. HP: 81/92 MP: 21/21
  8420 | D:11     | Found a shimmering altar of Xom.
  8597 | D:13     | Reached skill level 1 in Shields
  8647 | D:13     | Noticed a centaur warrior
  8657 | D:13     | Killed a centaur warrior
  8657 | D:13     | Reached **** piety under Vehumet
  8762 | D:12     | Noticed a green ugly thing
  8767 | D:12     | Offered knowledge of Fireball by Vehumet.
  8771 | D:12     | Killed a green ugly thing
  8780 | D:11     | Learned a level 5 spell: Fireball
  8875 | D:11     | Noticed a two-headed ogre
  8891 | D:11     | Killed a two-headed ogre
  8891 | D:11     | Reached skill level 7 in Fire Magic
  9107 | D:10     | Reached skill level 8 in Fire Magic
  9241 | D:10     | Reached skill level 9 in Fire Magic
  9370 | D:10     | Killed Gastronok
  9370 | D:10     | Reached skill level 10 in Fire Magic
  9546 | Orc:1    | Entered Level 1 of the Orcish Mines
  9546 | Orc:1    | Noticed Snorg
  9560 | D:10     | Killed Snorg
  9560 | D:10     | Reached skill level 11 in Fire Magic
  9755 | Orc:1    | Noticed an orc knight
  9759 | Orc:1    | Noticed an orc high priest
  9950 | D:13     | Reached XP level 12. HP: 100/100 MP: 15/22
 10028 | D:13     | Noticed Erolcha
 10032 | D:13     | Killed Erolcha
 10087 | D:13     | Reached skill level 10 in Conjurations
 10125 | D:13     | Noticed a four-headed hydra
 10130 | D:13     | Killed a four-headed hydra
 10150 | D:13     | Noticed a centaur warrior
 10151 | D:13     | Found the +8 orange crystal plate armour {Archmagi, Int+3 Clar}
 10159 | D:13     | Killed a centaur warrior
 10249 | D:13     | Learned a level 2 spell: Blink
 10288 | D:13     | Learned a level 3 spell: Mephitic Cloud
 10385 | D:13     | Noticed a vault guard
 10393 | D:13     | Noticed Nessos
 10409 | D:13     | Killed Nessos
 10486 | D:13     | Noticed a vault guard
 10501 | D:13     | Killed a vault guard
 10595 | D:13     | Killed a vault guard
 10821 | D:15     | Entered Level 15 of the Dungeon
 11026 | D:13     | Reached ***** piety under Vehumet
 11081 | D:13     | Found a gate to the Vaults.
 11081 | D:13     | Noticed a vault guard
 11081 | D:13     | Noticed a vault guard
 11101 | D:13     | Killed a vault guard
 11108 | D:13     | Killed a vault guard
 11108 | D:13     | Reached XP level 13. HP: 51/105 MP: 22/26
 11240 | D:12     | Offered knowledge of Iron Shot by Vehumet.
 11248 | D:12     | Learned a level 6 spell: Iron Shot
 11578 | D:10     | Reached skill level 1 in Earth Magic
 11798 | Orc:1    | Noticed a stone giant
 11817 | Orc:1    | Killed a stone giant
 11888 | Orc:1    | Found a roughly hewn altar of Beogh.
 11979 | Orc:2    | Entered Level 2 of the Orcish Mines
 12303 | Orc:2    | Reached skill level 5 in Earth Magic
 12350 | Orc:2    | Noticed Azrael
 12372 | Orc:1    | Killed Azrael
 12770 | Orc:2    | Learned a level 2 spell: Sublimation of Blood
 13229 | Orc:2    | Offered knowledge of Bolt of Fire by Vehumet.
 13353 | Orc:2    | Reached skill level 10 in Spellcasting
 13375 | Orc:2    | Paralysed by an orc sorcerer for 2 turns
 13640 | Orc:2    | Learned a level 6 spell: Bolt of Fire
 13698 | Orc:2    | Found Cuttot's Assorted Antiques.
 13698 | Orc:2    | Found Tuiwi's Magic Scroll Boutique.
 13698 | Orc:2    | Found Poluogge's Book Boutique.
 13703 | Orc:2    | Found Joar's Distillery.
 13708 | Orc:2    | Bought a scroll labeled LERIME YPSAKHUQOG for 33 gold pieces
 13710 | Orc:2    | Bought a potion of heal wounds for 50 gold pieces
 13710 | Orc:2    | Bought a potion of curing for 30 gold pieces
 13711 | Orc:2    | Bought a book of Power for 765 gold pieces
 13712 | Orc:2    | Bought a scroll of teleportation for 36 gold pieces
 13712 | Orc:2    | Bought a scroll of teleportation for 36 gold pieces
 13712 | Orc:2    | Bought a scroll of magic mapping for 42 gold pieces
 13712 | Orc:2    | Bought a scroll of fog for 24 gold pieces
 13712 | Orc:2    | Bought a scroll of fear for 42 gold pieces
 13712 | Orc:2    | Bought a scroll of identify for 24 gold pieces
 13712 | Orc:2    | Bought a scroll of identify for 24 gold pieces
 13722 | Orc:2    | Found a staircase to the Elven Halls.
 14471 | D:14     | Found a glowing golden altar of the Shining One.
 14651 | D:14     | Found a burning altar of Makhleb.
 14666 | D:14     | Reached XP level 14. HP: 54/113 MP: 8/29
 14901 | D:15     | Found a staircase to the Depths.
 15161 | D:14     | Offered knowledge of Yara's Violent Unravelling by Vehumet.
 15758 | D:14     | Got a slimy dagger {vamp}
 16525 | Lair:1   | Entered Level 1 of the Lair of Beasts
 16802 | Lair:3   | Found a hole to the Spider Nest.
 17038 | Lair:2   | Noticed Fannar
 17069 | Lair:2   | Killed Fannar
 17099 | Lair:2   | Found a staircase to the Swamp.
 17212 | Lair:2   | Noticed Nergalle
 17243 | Lair:2   | Killed Nergalle
 17531 | Lair:3   | You fall through a shaft for 2 floors!
 17639 | Lair:5   | Learned a level 7 spell: Spellforged Servitor
 17704 | Lair:4   | Reached skill level 1 in Summonings
 17943 | Lair:4   | Found a deep blue altar of Sif Muna.
 18170 | Lair:5   | Found a staircase to the Slime Pits.
 18230 | Lair:6   | Entered Level 6 of the Lair of Beasts
 18230 | Lair:6   | Found a labyrinth entrance.
 18249 | Lair:6   | Offered knowledge of Lee's Rapid Deconstruction by Vehumet.
 18266 | Lab      | Entered a labyrinth
 18602 | Lab      | Reached skill level 5 in Summonings
 18660 | Lab      | Identified the Guide on Attacks
 18673 | Lab      | Identified a scroll of acquirement
 18749 | Lair:6   | Noticed Sonja
 18763 | Lair:6   | Killed Sonja
 18933 | Lair:5   | Found a runed door.
 18984 | Lair:6   | Reached XP level 15. HP: 118/118 MP: 25/33
 20507 | Lair:6   | Offered knowledge of Conjure Ball Lightning by Vehumet.
 20535 | Lair:6   | Reached skill level 10 in Summonings
 20672 | Lair:6   | Reached skill level 12 in Fire Magic
 20986 | Lair:4   | Noticed Kirke
 20992 | Lair:4   | Killed Kirke
 21395 | Swamp:1  | Entered Level 1 of the Swamp
 21448 | Swamp:1  | Noticed Louise
 21583 | Swamp:1  | Killed Louise
 22000 | Swamp:2  | Reached skill level 5 in Necromancy
 22263 | Swamp:3  | Noticed a thorn hunter
 22269 | Swamp:3  | Killed a thorn hunter
 22430 | Swamp:3  | Reached ****** piety under Vehumet
 22569 | Swamp:3  | Reached XP level 16. HP: 126/126 MP: 16/34
 22666 | Swamp:4  | Entered Level 4 of the Swamp
 22670 | Swamp:4  | Reached skill level 13 in Fire Magic
 22963 | Swamp:3  | Offered knowledge of Poison Arrow by Vehumet.
 23074 | Swamp:4  | Reached skill level 14 in Fire Magic
 23350 | Swamp:4  | Got a decaying rune of Zot
 23423 | Swamp:4  | Reached skill level 15 in Fire Magic
 24259 | Swamp:1  | Offered knowledge of Ozocubu's Refrigeration by Vehumet.
 24871 | Orc:2    | Bought a book of Fire for 1105 gold pieces
 24873 | Orc:2    | Bought a scroll of teleportation for 99 gold pieces
 24873 | Orc:2    | Bought a potion of curing for 99 gold pieces
 24874 | Orc:2    | Bought a potion of brilliance for 40 gold pieces
 24999 | Vaults:1 | Entered Level 1 of the Vaults
 25008 | D:13     | Reached skill level 1 in Evocations
 25192 | Vaults:1 | Reached skill level 5 in Charms
 25419 | Vaults:1 | Found a runed gate.
 25419 | Vaults:1 | Found a runed gate.
 25420 | Vaults:1 | Found a runed gate.
 25422 | Vaults:1 | Noticed Varury's ghost (veteran DDFi)
 25422 | Vaults:1 | Noticed Jiud's ghost (adept MiBe)
 25690 | Vaults:1 | Reached skill level 5 in Evocations
 25696 | Vaults:1 | Reached XP level 17. HP: 80/132 MP: 5/35
 25932 | Vaults:1 | Upgraded the game from 0.22.0-5-gf09313c8f9 to 0.22.0-6-g71bd7aa6b3
 26192 | Elf:1    | Entered Level 1 of the Elven Halls
 26223 | Elf:1    | Found a radiant altar of Vehumet.
 26368 | Elf:1    | Found a frozen archway.
 26375 | IceCv    | Entered an ice cave
 26813 | IceCv    | Noticed an Ice Fiend
 27078 | IceCv    | Killed an Ice Fiend
 27386 | Elf:1    | Learned a level 5 spell: Iskenderun's Battlesphere
 27472 | Elf:1    | Learned a level 6 spell: Freezing Cloud
 27563 | Elf:2    | Offered knowledge of Fire Storm by Vehumet.
 27563 | Elf:2    | Offered knowledge of Glaciate by Vehumet.
 27563 | Elf:2    | Offered knowledge of Chain Lightning by Vehumet.
 27627 | Elf:1    | Reached skill level 1 in Air Magic
 27627 | Elf:1    | Reached skill level 1 in Ice Magic
 27739 | Elf:1    | Identified Vehumet's Incunabulum of the Maze
 28120 | Elf:2    | Noticed Roxanne
 28252 | Elf:3    | Entered Level 3 of the Elven Halls
 28317 | Elf:3    | Found Tucyiqam's Weapon Emporium.
 28539 | Elf:3    | Reached skill level 5 in Air Magic
 28712 | Elf:3    | Reached skill level 1 in Translocations
 28837 | Elf:3    | Noticed a deep elf blademaster
 28840 | Elf:3    | Killed a deep elf blademaster
 28850 | Elf:3    | Noticed a deep elf blademaster
 28852 | Elf:3    | Killed a deep elf blademaster
 28852 | Elf:3    | Reached XP level 18. HP: 66/139 MP: 26/36
 28867 | Elf:3    | Cast into level 2 of the Abyss (a deep elf sorcerer)
 29032 | Abyss:3  | Reached skill level 15 in Spellcasting
 29085 | Abyss:3  | Noticed a hellephant
 29119 | Abyss:3  | Found a corrupted altar of Lugonu.
 29173 | Abyss:3  | Found a corrupted altar of Lugonu.
 29257 | Abyss:4  | Found a corrupted altar of Lugonu.
 29288 | Abyss:4  | Found a corrupted altar of Lugonu.
 29295 | Abyss:4  | Found a corrupted altar of Lugonu.
 29312 | Abyss:4  | Noticed a hellephant
 29326 | Abyss:4  | Killed a hellephant
 29333 | Elf:3    | Escaped the Abyss
 29352 | Elf:3    | Reached skill level 15 in Conjurations
 29579 | Elf:3    | Got a slimy copper ring
 29580 | Elf:3    | Identified the ring "Wione" {+Blink +Fly EV+4 Slay-2} (You took it off a deep elf annihilator on level 3 of the Elven Halls)
 29595 | Elf:3    | Got a fine bone ring
 29605 | Elf:3    | Found the +12 glaive of Prune {chop}
 29616 | Elf:3    | Got a crystal war axe
 29617 | Elf:3    | Identified the cursed ring of Luwnow {MP+9 EV-3 Str+4} (You took it off a deep elf death mage on level 3 of the Elven Halls)
 29619 | Elf:3    | Identified the cursed +0 war axe of Onix {chop, rF+++ Dex-3 SInv Stlth+} (You found it on level 3 of the Elven Halls)
 29638 | Elf:3    | Got an ancient bronze ring
 29639 | Elf:3    | Identified the ring "Isefe" {Dex+2 Stlth+} (You found it on level 3 of the Elven Halls)
 29954 | Orc:2    | Bought a metal-bound book for 495 gold pieces
 30820 | Vaults:3 | Noticed Nikola
 30829 | Vaults:2 | Reached skill level 16 in Fire Magic
 31238 | Vaults:2 | Reached XP level 19. HP: 87/146 MP: 18/39
 31918 | Vaults:1 | Reached skill level 17 in Fire Magic
 32217 | Vaults:2 | Paralysed by a sphinx for 4 turns
 32882 | Vaults:3 | Found Mattul's Distillery.
 32885 | Vaults:3 | Bought a potion of curing for 33 gold pieces
 32885 | Vaults:3 | Bought a potion of resistance for 110 gold pieces
 33754 | Vaults:3 | Reached skill level 18 in Fire Magic
 34100 | Vaults:4 | Paralysed by a sphinx for 3 turns
 34605 | Vaults:3 | Reached XP level 20. HP: 62/152 MP: 8/40
 34921 | Vaults:4 | Found Lovimo Gouq's Food Boutique.
 35090 | Vaults:4 | Reached skill level 19 in Fire Magic
 35342 | Vaults:3 | Killed Nikola
 35448 | Vaults:2 | Found a staircase to the Crypt.
 35454 | Crypt:1  | Entered Level 1 of the Crypt
 35925 | Vaults:4 | Bought a ration for 50 gold pieces
 35925 | Vaults:4 | Bought a ration for 50 gold pieces
 35925 | Vaults:4 | Bought a ration for 50 gold pieces
 35925 | Vaults:4 | Bought a ration for 50 gold pieces
 35925 | Vaults:4 | Bought a ration for 50 gold pieces
 36775 | Vaults:2 | Got a bloodstained large shield
 36776 | Vaults:2 | Identified the +9 large shield "Qoorep" {rC- Dex+4 Stlth+} (You acquired it on level 2 of the Vaults)
 37668 | Crypt:3  | Entered Level 3 of the Crypt
 38096 | Crypt:3  | Reached skill level 20 in Fire Magic
 38215 | Crypt:3  | Noticed a bone dragon
 38236 | Crypt:3  | Killed a bone dragon
 38331 | Crypt:3  | Found the +8 demon blade "Leech" {vamp, rN+ AC-3 EV-3}
 38348 | Crypt:3  | Identified the Compendium of the Mutagenic Mountains
 38784 | Crypt:3  | Found a staircase to the Tomb.
 39349 | Crypt:3  | Found an ancient bone altar of Kikubaaqudgha.
 39349 | Crypt:3  | Noticed an ancient lich
 39354 | Crypt:3  | Killed an ancient lich
 39354 | Crypt:3  | Reached XP level 21. HP: 150/159 MP: 34/41
 39405 | Crypt:3  | Noticed an ancient lich
 39411 | Crypt:3  | Killed an ancient lich
 39442 | Crypt:3  | Got a scintillating copper ring
 39442 | Crypt:3  | Got a clouded gossamer ring
 39609 | Crypt:3  | Identified the ring of Qeekesk {rN+ MP+9 Dex+2} (You found it on level 3 of the Crypt)
 39610 | Crypt:3  | Identified the ring "Tingovi" {+Inv rPois rN+ Dex-2} (You found it on level 3 of the Crypt)
 40207 | Crypt:1  | Reached skill level 21 in Fire Magic
 40491 | Vaults:4 | Learned a level 9 spell: Fire Storm
 40500 | Vaults:4 | Learned a level 7 spell: Ring of Flames
 40509 | Vaults:5 | Entered Level 5 of the Vaults
 40742 | Vaults:5 | Reached skill level 22 in Fire Magic
 40773 | Vaults:5 | Reached XP level 22. HP: 80/166 MP: 23/43
 41008 | Vaults:5 | Learned a level 1 spell: Magic Dart
 41130 | Vaults:5 | Got a silver rune of Zot
 41225 | Vaults:5 | Got a steaming copper ring
 41226 | Vaults:5 | Identified the ring of Naemohug {rPois Str+4} (You took it off a vault warden on level 5 of the Vaults)
 41495 | Vaults:5 | Identified the Catalogue of Malediction and Moulding
 42047 | Vaults:5 | Found the +5 robe of Night {Dark MR+ SInv}
 42154 | Vaults:4 | Bought a ration for 50 gold pieces
 42154 | Vaults:4 | Bought a ration for 50 gold pieces
 42300 | Vaults:1 | Killed Varury's ghost
 42343 | D:13     | Killed Jiud's ghost
 42343 | D:13     | Reached skill level 23 in Fire Magic
 42391 | Vaults:1 | Got a scintillating copper ring
 42406 | Vaults:1 | Identified the ring of the Crown {rElec rPois rF+ Int-2 Dex-2} (You found it on level 1 of the Vaults)
 43290 | Spider:1 | Entered Level 1 of the Spider Nest
 43897 | Spider:4 | Entered Level 4 of the Spider Nest
 44542 | Spider:4 | Reached XP level 23. HP: 149/172 MP: 44/44
 44760 | Spider:4 | Reached skill level 24 in Fire Magic
 44782 | Spider:4 | Got a gossamer rune of Zot
 44977 | Slime:1  | Entered Level 1 of the Pits of Slime
 45554 | Slime:5  | Entered Level 5 of the Pits of Slime
 45592 | Slime:5  | Noticed the Royal Jelly
 45597 | Slime:5  | Killed the Royal Jelly
 45709 | Slime:5  | Identified Sif Muna's Grimoire of Helpful Lightness
 45713 | Slime:5  | Got a slimy rune of Zot
 45716 | Slime:5  | Got a scorched lead ring
 45717 | Slime:5  | Identified the ring "Ryul Valo" {Fire Int+4} (You found it on level 5 of the Pits of Slime)
 46233 | D:15     | Found Lomu Qynt's Jewellery Boutique.
 46240 | D:15     | Bought a +5 ring of intelligence for 659 gold pieces
 46433 | D:15     | Reached skill level 25 in Fire Magic
 46478 | D:15     | Noticed Agnes
 46481 | D:15     | Killed Agnes
 46874 | Depths:1 | Entered Level 1 of the Depths
 47557 | Depths:2 | Reached XP level 24. HP: 165/179 MP: 40/44
 47776 | Depths:2 | Noticed a juggernaut
 47782 | Depths:2 | Killed a juggernaut
 47888 | Depths:2 | Reached skill level 5 in Dodging
 47969 | Depths:2 | Reached skill level 10 in Fighting
 48391 | Depths:3 | Noticed Frederick
 48392 | Depths:3 | Killed Frederick
 48476 | Depths:3 | Found a gateway to Hell.
 48570 | Depths:3 | Found a one-way gate leading to the halls of Pandemonium.
 48679 | Depths:3 | Noticed a juggernaut
 48687 | Depths:3 | Killed a juggernaut
 48763 | Depths:3 | Reached XP level 25. HP: 107/194 MP: 42/45
 48922 | Depths:4 | Reached skill level 10 in Necromancy
 48936 | Depths:3 | Learned a level 6 spell: Deflect Missiles
 49003 | Depths:5 | Entered Level 5 of the Depths
 49250 | Depths:4 | Found a blossoming altar of Fedhas.
 49252 | Depths:4 | Found a one-way gate to the infinite horrors of the Abyss.
 49274 | Depths:4 | Found a gateway to a ziggurat.
 49288 | Depths:4 | Found Xistroath's Jewellery Shop.
 49289 | Depths:4 | Found Doery's Gadget Shoppe.
 49290 | Depths:4 | Found Xuiw Camnopt's Jewellery Shop.
 49361 | Zig:1    | Entered Level 1 of a ziggurat
 49382 | Zig:2    | Entered Level 2 of a ziggurat
 49406 | Zig:3    | Entered Level 3 of a ziggurat
 49434 | Zig:4    | Entered Level 4 of a ziggurat
 49437 | Zig:4    | Noticed Rijoes the pandemonium lord
 49441 | Zig:4    | Killed Rijoes the pandemonium lord
 49514 | Zig:5    | Entered Level 5 of a ziggurat
 49529 | Zig:5    | Got a fine platinum ring
 49530 | Zig:5    | Identified the ring of Doubts {*Slow +Blink rN+ Stlth-} (You found it on level 5 of a ziggurat)
 49590 | Zig:6    | Entered Level 6 of a ziggurat
 49624 | Zig:7    | Entered Level 7 of a ziggurat
 49645 | Zig:7    | Got a vibrating amber ring
 49646 | Zig:7    | Identified the ring of Tuafrih {rPois rN+ Dex+4 Slay+2 Stlth+} (You found it on level 7 of a ziggurat)
 49649 | Zig:7    | Identified the Grimoire of the Rocks
 49660 | Zig:8    | Entered Level 8 of a ziggurat
 49693 | Zig:9    | Entered Level 9 of a ziggurat
 49739 | Zig:10   | Entered Level 10 of a ziggurat
 49772 | Zig:10   | Got a scintillating bronze ring
 49773 | Zig:10   | Identified the ring "Ysouc" {+Fly rPois rN+} (You found it on level 10 of a ziggurat)
 49775 | Zig:10   | Identified Dion's Collected Works on Calling and the Mountains
 49807 | Zig:11   | Entered Level 11 of a ziggurat
 49821 | Zig:11   | Reached XP level 26. HP: 195/202 MP: 37/46
 49823 | Zig:11   | Noticed Jineroiz the pandemonium lord
 49825 | Zig:11   | Killed Jineroiz the pandemonium lord
 49861 | Zig:11   | Reached XP level 27. HP: 209/209 MP: 45/47
 49866 | Zig:12   | Entered Level 12 of a ziggurat
 49975 | Depths:4 | Got a spiked shield
 49976 | Depths:4 | Identified the +0 shield "Huamuxt" {rF++ rC+ Dex+3} (You acquired it on level 4 of the Depths)
 50043 | Depths:4 | Got a pitted hat
 50044 | Depths:4 | Identified the +0 hat of Etieniesm {rElec rF- Str+4} (You acquired it on level 4 of the Depths)
 50062 | Depths:4 | Noticed a juggernaut
 50065 | Depths:4 | Killed a juggernaut
 50405 | Depths:5 | Learned a level 8 spell: Necromutation
 50435 | Depths:5 | Reached skill level 1 in Transmutations
 50475 | Depths:5 | Reached skill level 5 in Transmutations
 50602 | Depths:5 | Found a runed gate.
 50605 | Depths:5 | Found a runed gate.
 50606 | Depths:5 | Noticed an ancient lich
 50606 | Depths:5 | Found a runed gate.
 50607 | Depths:5 | Noticed Mothrix's ghost (adept DsFi)
 50652 | Depths:5 | Killed an ancient lich
 50682 | Depths:5 | Killed Mothrix's ghost
 50873 | Depths:5 | Found a gate to the Realm of Zot.
 50953 | Zot:1    | Entered Level 1 of the Realm of Zot
 51114 | Zot:2    | Reached skill level 10 in Transmutations
 52560 | Tomb:1   | Entered Level 1 of the Tomb of the Ancients
 53157 | Tomb:2   | Noticed a greater mummy
 53157 | Tomb:2   | Noticed an ancient lich
 53158 | Tomb:2   | Noticed a greater mummy
 53159 | Tomb:2   | Noticed a greater mummy
 53198 | Tomb:2   | Killed a greater mummy
 53202 | Tomb:2   | Killed an ancient lich
 53202 | Tomb:2   | Killed a greater mummy
 53207 | Tomb:2   | Killed a greater mummy
 53525 | Tomb:2   | Upgraded the game from 0.22.0-6-g71bd7aa6b3 to 0.22.0-13-g43fe8f24b8
 53528 | Tomb:1   | Noticed a greater mummy
 53528 | Tomb:1   | Noticed a greater mummy
 53531 | Tomb:1   | Noticed a greater mummy
 53533 | Tomb:1   | Killed a greater mummy
 53534 | Tomb:1   | Killed a greater mummy
 53538 | Tomb:1   | Killed a greater mummy
 53540 | Tomb:1   | Noticed a greater mummy
 53711 | Tomb:3   | Entered Level 3 of the Tomb of the Ancients
 53719 | Tomb:3   | Reached skill level 15 in Necromancy
 53729 | Tomb:3   | Reached skill level 15 in Transmutations
 53734 | Tomb:3   | Noticed a greater mummy
 53737 | Tomb:3   | Killed a greater mummy
 53738 | Tomb:3   | Noticed a greater mummy
 53741 | Tomb:3   | Noticed a greater mummy
 53742 | Tomb:3   | Killed a greater mummy
 53742 | Tomb:3   | Noticed a greater mummy
 53746 | Tomb:3   | Killed a greater mummy
 53746 | Tomb:3   | Killed a greater mummy
 53894 | Tomb:3   | Noticed a greater mummy
 53904 | Tomb:3   | Killed a greater mummy
 53921 | Tomb:3   | Noticed a greater mummy
 53926 | Tomb:3   | Killed a greater mummy
 53929 | Tomb:3   | Noticed a greater mummy
 53938 | Tomb:3   | Killed a greater mummy
 54007 | Tomb:3   | Identified the Disquisition on Feathery Good Luck
 54009 | Tomb:3   | Identified Sif Muna's Handbook of the Igneous Compass
 54019 | Tomb:3   | Identified the Guide on the Ashen Volcanoes
 54027 | Tomb:3   | Identified Sif Muna's Tome of Spatial Stones
 54040 | Tomb:3   | Identified Sif Muna's Guide on Creative Air
 54225 | Tomb:3   | Noticed a greater mummy
 54231 | Tomb:3   | Killed a greater mummy
 54258 | Tomb:3   | Got a golden rune of Zot
 54960 | Depths:3 | Reached skill level 5 in Shields
 55011 | Zig:1    | Entered Level 1 of a ziggurat
 55020 | Zig:2    | Entered Level 2 of a ziggurat
 55021 | Zig:2    | Noticed Geegekes the pandemonium lord
 55027 | Zig:2    | Killed Geegekes the pandemonium lord
 55027 | Zig:2    | Reached skill level 10 in Evocations
 55056 | Zig:3    | Entered Level 3 of a ziggurat
 55088 | Zig:4    | Entered Level 4 of a ziggurat
 55112 | Zig:5    | Entered Level 5 of a ziggurat
 55124 | Zig:5    | Got a heavily runed lead ring
 55152 | Zig:6    | Entered Level 6 of a ziggurat
 55169 | Zig:7    | Entered Level 7 of a ziggurat
 55200 | Zig:7    | Identified the ring of Xaos {rN+ Int+2} (You found it on level 5 of a ziggurat)
 55259 | Zig:8    | Entered Level 8 of a ziggurat
 55268 | Zig:8    | Noticed an ancient lich
 55270 | Zig:8    | Killed an ancient lich
 55303 | Zig:9    | Entered Level 9 of a ziggurat
 55340 | Zig:10   | Entered Level 10 of a ziggurat
 55345 | Zig:10   | Noticed Coffe the pandemonium lord
 55349 | Zig:10   | Killed Coffe the pandemonium lord
 55349 | Zig:10   | Noticed Hehes the pandemonium lord
 55350 | Zig:10   | Noticed Kastrunar the pandemonium lord
 55365 | Zig:11   | Entered Level 11 of a ziggurat
 55389 | Zig:11   | Reached skill level 10 in Shields
 55439 | Zig:11   | Got a slimy amethyst amulet
 55439 | Zig:11   | Got a twitching copper amulet
 55440 | Zig:11   | Identified the amulet "Umiydicw" {*Drain Regen+ Str+4 Dex+2} (You found it on level 11 of a ziggurat)
 55441 | Zig:11   | Identified the amulet of Leelened {+Rage SInv} (You found it on level 11 of a ziggurat)
 55449 | Zig:11   | Identified the Grimoire of Scorching Stolen Souls
 55461 | Zig:12   | Entered Level 12 of a ziggurat
 55501 | Zig:12   | Got a twitching platinum ring
 55503 | Zig:12   | Got a scintillating amber ring
 55505 | Zig:12   | Identified the ring "Nafofatase" {rF+ rN++ Stlth+} (You found it on level 12 of a ziggurat)
 55506 | Zig:12   | Identified the ring of Poretafe {rN+ SInv} (You found it on level 12 of a ziggurat)
 55527 | Zig:13   | Entered Level 13 of a ziggurat
 55537 | Zig:13   | Noticed a greater mummy
 55538 | Zig:13   | Noticed a greater mummy
 55539 | Zig:13   | Killed a greater mummy
 55540 | Zig:13   | Noticed a greater mummy
 55540 | Zig:13   | Noticed a greater mummy
 55542 | Zig:13   | Killed a greater mummy
 55542 | Zig:13   | Killed a greater mummy
 55543 | Zig:13   | Killed a greater mummy
 55546 | Zig:13   | Noticed a greater mummy
 55547 | Zig:13   | Killed a greater mummy
 55560 | Zig:13   | Got a crude brass ring
 55563 | Zig:13   | Identified the Papyrus of Feathery Confrontation
 55607 | Zig:13   | Identified the ring of Jackusue {rElec rPois rF+ Str+2 Dex-5} (You found it on level 13 of a ziggurat)
 55650 | Zig:14   | Entered Level 14 of a ziggurat
 55668 | Zig:14   | Reached skill level 15 in Shields
 55705 | Zig:14   | Got a flickering platinum ring
 55733 | Zig:15   | Entered Level 15 of a ziggurat
 55752 | Zig:15   | Noticed Mollojez the pandemonium lord
 55754 | Zig:15   | Noticed Nuvveggi the pandemonium lord
 55755 | Zig:15   | Killed Mollojez the pandemonium lord
 55757 | Zig:15   | Killed Nuvveggi the pandemonium lord
 55782 | Zig:15   | Identified the Incunabulum of Envenoming and the Snowflakes
 55825 | Zig:16   | Entered Level 16 of a ziggurat
 55853 | Zig:16   | Killed an ancient lich
 55924 | Zig:17   | Entered Level 17 of a ziggurat
 55941 | Zig:17   | Noticed an ancient lich
 55944 | Zig:17   | Killed an ancient lich
 55944 | Zig:17   | Noticed an ancient lich
 55947 | Zig:17   | Killed an ancient lich
 55947 | Zig:17   | Reached skill level 15 in Evocations
 55948 | Zig:17   | Noticed an ancient lich
 55951 | Zig:17   | Killed an ancient lich
 55982 | Zig:18   | Entered Level 18 of a ziggurat
 56001 | Zig:18   | Noticed Mehyq the pandemonium lord
 56001 | Zig:18   | Noticed Xiqafy the pandemonium lord
 56001 | Zig:18   | Noticed Fyjorgh the pandemonium lord
 56001 | Zig:18   | Noticed Lalenic the pandemonium lord
 56003 | Zig:18   | Killed Xiqafy the pandemonium lord
 56004 | Zig:18   | Noticed Dukhluzo the pandemonium lord
 56006 | Zig:18   | Killed Lalenic the pandemonium lord
 56008 | Zig:18   | Killed Fyjorgh the pandemonium lord
 56014 | Zig:18   | Killed Dukhluzo the pandemonium lord
 56016 | Zig:18   | Killed Mehyq the pandemonium lord
 56065 | Zig:18   | Identified the ring of the Prince {rPois rN+ Dex+5 Slay+2} (You found it on level 14 of a ziggurat)
 56106 | Zig:19   | Entered Level 19 of a ziggurat
 56158 | Zig:19   | Identified the Tome of Enchanting Combat Magic
 56174 | Zig:19   | Got an ancient jade ring
 56175 | Zig:19   | Identified the ring of Ajuetacs {rF+ Str+3} (You found it on level 19 of a ziggurat)
 56180 | Zig:19   | Got a pitted wooden ring
 56181 | Zig:19   | Identified the cursed ring of Aletuef {-Tele Str+7 Dex-3 Slay+3} (You found it on level 19 of a ziggurat)
 56186 | Zig:20   | Entered Level 20 of a ziggurat
 56208 | Zig:20   | Noticed an ancient lich
 56212 | Zig:20   | Killed an ancient lich
 56229 | Zig:20   | Identified Bogosefa's Reference Book on the Dark Entourage
 56260 | Zig:20   | Learned a level 8 spell: Lehudib's Crystal Spear
 56283 | Zig:21   | Entered Level 21 of a ziggurat
 56325 | Zig:21   | Found the +7 lajatang of Order {silver, rMut}
 56327 | Zig:21   | Found the +2 cloak of the Thief {+Fog Slay-2 SInv Stlth+}
 56337 | Zig:21   | Reached skill level 10 in Earth Magic
 56339 | Zig:21   | Identified the Guide on the Helpful Frostbite
 56342 | Zig:21   | Identified Yshomut's Incunabulum of Harmful Orientation
 56365 | Zig:22   | Entered Level 22 of a ziggurat
 56379 | Zig:22   | Noticed a greater mummy
 56383 | Zig:22   | Killed a greater mummy
 56386 | Zig:22   | Noticed a greater mummy
 56387 | Zig:22   | Noticed a greater mummy
 56387 | Zig:22   | Noticed a greater mummy
 56389 | Zig:22   | Killed a greater mummy
 56389 | Zig:22   | Noticed a greater mummy
 56389 | Zig:22   | Killed a greater mummy
 56389 | Zig:22   | Killed a greater mummy
 56390 | Zig:22   | Noticed a greater mummy
 56390 | Zig:22   | Noticed a greater mummy
 56392 | Zig:22   | Killed a greater mummy
 56393 | Zig:22   | Noticed a greater mummy
 56394 | Zig:22   | Killed a greater mummy
 56394 | Zig:22   | Killed a greater mummy
 56395 | Zig:22   | Noticed a greater mummy
 56396 | Zig:22   | Killed a greater mummy
 56396 | Zig:22   | Noticed a greater mummy
 56396 | Zig:22   | Noticed a greater mummy
 56397 | Zig:22   | Noticed a greater mummy
 56398 | Zig:22   | Noticed a greater mummy
 56398 | Zig:22   | Noticed a greater mummy
 56398 | Zig:22   | Killed a greater mummy
 56399 | Zig:22   | Noticed a greater mummy
 56400 | Zig:22   | Killed a greater mummy
 56401 | Zig:22   | Killed a greater mummy
 56405 | Zig:22   | HP: 9/209 [??? (6)]
 56406 | Zig:22   | Killed from afar by a greater mummy

Skill      XL: |  1  2  3  4  5  6  7  8  9 10 11 12 13 14 15 16 17 18 19 20 21 22 23 24 25 26 27 |
---------------+----------------------------------------------------------------------------------+-----
Fighting       | 2 3 4 5 7 10 | 10.0
Throwing       | 2 |  2.1
Spellcasting   | 6 7 9 11 14 16 17 18 19 20 22 | 22.0
Maces & Flails | 4 |  4.2
Fire Magic     | 4 5 6 11 12 15 16 18 20 22 23 25 | 25.6
Polearms       | 2 5 |  5.0
Necromancy     | 3 6 9 10 19 | 19.3
Charms         | 2 3 6 7 9 |  9.4
Conjurations   | 4 8 9 12 14 16 18 19 20 21 22 23 | 23.1
Hexes          | 3 |  3.0
Shields        | 4 15 | 15.3
Earth Magic    | 5 14 | 14.5
Summonings     | 6 10 | 10.2
Evocations     | 5 6 17 | 17.3
Air Magic      | 5 9 |  9.0
Ice Magic      | 4 |  4.3
Translocations | 4 |  4.0
Dodging        | 6 |  6.6
Transmutations | 19 | 19.4

Action                   |  1- 3 |  4- 6 |  7- 9 | 10-12 | 13-15 | 16-18 | 19-21 | 22-24 | 25-27 || total
-------------------------+-------+-------+-------+-------+-------+-------+-------+-------+-------++-------
Melee: Dagger            |   151 |   115 |       |       |       |       |       |       |       ||   266
       Club              |     7 |       |       |       |       |       |       |       |       ||     7
       Tailslap          |    12 |    15 |    40 |    75 |    48 |     2 |     1 |     3 |     3 ||   199
       Hand axe          |       |    65 |       |       |       |       |       |       |       ||    65
       Whip              |       |       |   233 |       |       |       |       |       |       ||   233
       Trident           |       |       |   123 |   738 |   446 |     1 |       |       |       ||  1308
       Staff             |       |       |       |       |    13 |    14 |     8 |     9 |     8 ||    52
Throw: Javelin           |     3 |    15 |    22 |       |       |       |       |       |       ||    40
       Throwing net      |       |     2 |       |       |       |       |     1 |       |       ||     3
 Cast: Corona            |    12 |     6 |     1 |     4 |       |       |       |       |       ||    23
       Regeneration      |       |       |     6 |    82 |   245 |   156 |   138 |   101 |    75 ||   803
       Sticky Flame      |       |       |       |    53 |   212 |    29 |       |       |       ||   294
       Fireball          |       |       |       |     4 |    80 |    50 |    69 |     7 |     2 ||   212
       Iskenderun's Myst |       |       |       |     2 |     1 |       |       |       |       ||     3
       Mephitic Cloud    |       |       |       |    17 |     5 |       |       |       |       ||    22
       Sublimation of Bl |       |       |       |       |   291 |   227 |   199 |   260 |   128 ||  1105
       Iron Shot         |       |       |       |       |    86 |   101 |   253 |   160 |    97 ||   697
       Bolt of Fire      |       |       |       |       |   133 |   151 |    40 |    14 |     5 ||   343
       Magic Dart        |       |       |       |       |     1 |   383 |   302 |    35 |       ||   721
       Blink             |       |       |       |       |     6 |     3 |     6 |     3 |     3 ||    21
       Spellforged Servi |       |       |       |       |    16 |    48 |    92 |    33 |    29 ||   218
       Iskenderun's Batt |       |       |       |       |       |    74 |   106 |     4 |       ||   184
       Freezing Cloud    |       |       |       |       |       |    32 |    50 |       |       ||    82
       Apportation       |       |       |       |       |       |    24 |     6 |    16 |    41 ||    87
       Fire Storm        |       |       |       |       |       |       |    45 |   299 |   472 ||   816
       Ring of Flames    |       |       |       |       |       |       |     2 |    92 |   103 ||   197
       Deflect Missiles  |       |       |       |       |       |       |       |       |     4 ||     4
       Necromutation     |       |       |       |       |       |       |       |       |    26 ||    26
       Lehudib's Crystal |       |       |       |       |       |       |       |       |     2 ||     2
 Abil: Breathe Fire      |       |       |    26 |    60 |    42 |     3 |       |       |       ||   131
       Evoke Berserk Rag |       |       |     3 |     2 |     2 |       |       |       |       ||     7
       Evoke Flight      |       |       |       |       |       |       |     1 |       |       ||     1
       End Transformatio |       |       |       |       |       |       |       |       |     8 ||     8
Evoke: Wand              |       |     3 |     6 |    10 |     9 |     5 |     1 |     2 |     1 ||    37
       Staff of energy   |       |       |       |       |       |       |     6 |    13 |   245 ||   264
       Crystal ball of e |       |       |       |       |       |       |       |       |     4 ||     4
       Figurine of a zig |       |       |       |       |       |       |       |       |     1 ||     1
  Use: Potion            |       |     6 |       |    11 |     2 |     8 |    11 |     5 |    15 ||    58
       Scroll            |       |     3 |     3 |    17 |     7 |    23 |    18 |     9 |    33 ||   113
 Stab: Sleeping          |     1 |     1 |     2 |     2 |       |       |       |       |       ||     6
       Invisible         |       |     2 |       |     1 |       |       |       |       |       ||     3
       Confused          |       |       |       |     1 |       |       |       |       |       ||     1
  Eat: Chunk             |     3 |     3 |    13 |    26 |    65 |    48 |    16 |    18 |    22 ||   214
       Ration            |       |     1 |     1 |     5 |    18 |    17 |    13 |     7 |     7 ||    69
Armor: Skin              |    68 |    47 |    96 |   391 |   353 |    67 |   105 |    91 |    96 ||  1314
Dodge: Dodged            |   133 |   108 |   188 |   589 |   507 |   151 |   169 |    61 |   157 ||  2063
       Deflected         |       |       |       |       |       |       |       |       |    36 ||    36
Block: Buckler           |       |       |       |   121 |   185 |    69 |   109 |    66 |    49 ||   599
       Shield            |       |       |       |       |       |       |       |       |    31 ||    31
